 Dungeon Crawl Stone Soup version 0.25-a0-670-g50981ef59b (webtiles) character file.

Game seed: 5492020454634194516, levelgen mode: deterministic

9554 Error4North the Cleaver (level 11, -3/97 HPs)
             Began as a Hill Orc Fighter on Mar 28, 2020.
             Was a High Priest of Okawaru.
             Killed from afar by an orc wizard (7 damage)
             ... with a magic dart
             ... on level 11 of the Dungeon on Mar 29, 2020.
             The game lasted 00:41:32 (10570 turns).

Error4North the Cleaver (Hill Orc Fighter)         Turns: 10570, Time: 00:41:32

Health: -3/97      AC: 15    Str: 21    XL:     11   Next: 48%
Magic:  14/14      EV:  7    Int:  8    God:    Okawaru [*****.]
Gold:   666        SH: 11    Dex: 10    Spells: 10/10 levels left

rFire    + . .     SeeInvis .   a - +0 war axe
rCold    . . .     Gourm    .   c - +0 kite shield
rNeg     . . .     Faith    .   A - +0 chain mail
rPois    .         Spirit   .   t - +0 helmet
rElec    .         Reflect  .   q - +1 cloak
rCorr    .         Harm     .   (no gloves)
MR       +....                  (no boots)
Stlth    ..........             (no amulet)
HPRegen  0.26/turn              o - ring of protection from magic
MPRegen  0.14/turn              y - +4 ring of slaying

@: no status effects
A: fire resistance 1, sense surroundings 1, weak 1
a: Heroism, Finesse, Renounce Religion


You were on level 11 of the Dungeon.
You worshipped Okawaru.
Okawaru was extremely pleased with you.
You were not hungry.

You visited 2 branches of the dungeon, and saw 12 of its levels.

You collected 666 gold pieces.

Inventory:

Hand Weapons
 a - a +0 war axe (weapon)
Missiles
 b - 8 boomerangs (quivered)
Armour
 c - a +0 kite shield (worn)
 q - a +1 cloak (worn)
 t - a +0 helmet (worn)
 A - a +0 chain mail (worn)
Jewellery
 o - a ring of protection from magic (left hand)
 x - an uncursed ring of resist corrosion
 y - a +4 ring of slaying (right hand)
 H - the ring of Mamaetaa {Dex+3 SInv, unknown}
   (You found it on level 10 of the Dungeon)

   [ring of see invisible]

   It affects your dexterity (+3).
   It lets you see invisible.
 J - an uncursed ring of protection from magic
Wands
 d - a wand of flame (5)
 D - a wand of random effects (10)
 G - a wand of polymorph (3)
Scrolls
 g - 2 scrolls of blinking {unknown}
 h - a scroll of fear {unknown}
 j - 3 scrolls of enchant armour {unknown}
 n - a scroll of amnesia {unknown}
 p - 2 scrolls of random uselessness {unknown}
 r - 5 scrolls of teleportation {unknown}
 u - a scroll of noise {unknown}
 v - a scroll of enchant weapon {unknown}
 w - 2 scrolls of remove curse {unknown}
 z - 2 scrolls of immolation {unknown}
 E - 9 scrolls of identify
 I - 2 scrolls of vulnerability {unknown}
Potions
 e - 2 potions of heal wounds
 i - 2 potions of brilliance
 k - 5 potions of curing {unknown}
 l - 3 potions of haste {unknown}
 m - 2 potions of flight {unknown}
 s - a potion of magic {unknown}
 B - a potion of might
 C - a potion of cancellation {unknown}
 F - a potion of ambrosia {unknown}
 K - a potion of invisibility {unknown}
Comestibles
 f - 20 rations


   Skills:
 * Level 9.5 Fighting
 + Level 12.1 Axes
 + Level 2.1 Throwing
 * Level 9.1 Armour
 + Level 2.0 Dodging
 * Level 9.7 Shields
 * Level 5.0 Invocations
 * Level 3.4 Evocations


You had 10 spell levels left.
You didn't know any spells.
Your spell library contained the following spells:

 Spells                   Type           Power        Failure   Level  Hunger
 Beastly Appendage        Tmut           #.....       99%         1    ##.....
 Shock                    Conj/Air       #...         99%         1    ##.....
 Summon Small Mammal      Summ           #...         99%         1    ##.....
 Swiftness                Chrm/Air       #.......     100%        2    ###....
 Call Canine Familiar     Summ           #.......     100%        3    ####...
 Spider Form              Tmut/Pois      #.........   100%        3    ####...
 Static Discharge         Conj/Air       #.......     100%        3    ####...
 Airstrike                Air            #.........   100%        4    #####..
 Lightning Bolt           Conj/Air       #.........   100%        5    ######.


Dungeon Overview and Level Annotations

Branches:
Dungeon (11/15)            Temple (1/1) D:6            Lair (0/6) D:11
    Orc (0/2) D:9

Altars:
Ashenzari
Cheibriados
Dithmenos
Elyvilon
Fedhas
Gozag
Hepliaklqana
Kikubaaqudgha
Makhleb
Nemelex Xobeh
Okawaru
Qazlal
Ru
Sif Muna
Trog
Uskayaw
Vehumet
Wu Jian
Xom
Yredelemnul
Zin
The Shining One

Shops:
D:11 }

Annotations:
D:9 exclusion: oklob plant
D:11 exclusion: oklob plant


Innate Abilities, Weirdness & Mutations

Your flesh is heat resistant. (rF+)
You passively map a small area around you.
You are weak. (Str -2)


Message History

* * * LOW HITPOINT WARNING * * *
An oklob plant comes into view.
Marking area around an oklob plant as unsafe for travelling.
Found 18 gold pieces.
Something hits you.
* * * LOW HITPOINT WARNING * * *
Something hits you but does no damage. Something hits you but does no damage.
The orc wizard gestures wildly while chanting.
The orc wizard blinks!
Something hits you.
* * * LOW HITPOINT WARNING * * *
Something hits you.
* * * LOW HITPOINT WARNING * * *
Something hits you.
* * * LOW HITPOINT WARNING * * *
There is a stone staircase leading up here.
You see here a large rock.
The orc wizard gestures at you while chanting.
The magic dart hits you!
You die...

.# #..# #..........#
#....... .# #..#
#..........# #.......
.# #..# #..........#
#....[.. .# #..#
#..........# #.......
.# #..# #..........#
#....... .# #..#
#..........# #.......
.# #..# #..........#
#<...... .# #..#
#..........####.......
.####..#
#....@................
o.o..o.#
#.....................
######o#
#..........#####......
# #.# #..........#
#.##### # #.#
#..o.......# #.# # #.#
#..........# #.# # #.#
#...#######..
#.#####..#...≈.. #. *
#..........#...# ,,,


You could see an orc wizard.

Vanquished Creatures
  Harold (D:8)
  A two-headed ogre (D:10)
  A centaur zombie (D:11)
  2 trolls
  A hippogriff (D:7)
  4 yaks (D:10)
  3 hungry ghosts
  2 humans (D:10)
  2 water moccasins
  Duvessa (D:4)
  An orc warrior (D:6)
  2 ice beasts
  A sky beast (D:8)
  2 black bears
  2 hornet zombies (D:9)
  9 ogres
  6 centaurs
  2 big kobolds (D:9)
  Blork the orc (D:8)
  6 gnoll sergeants (D:9)
  4 bullfrogs
  2 wyvern skeletons
  Dowan (D:4)
  A ballistomycete (D:9)
  2 scorpions
  9 killer bees
  5 wights (D:7)
  3 howler monkeys (D:9)
  An electric eel (D:9)
  A bullfrog zombie (D:9)
  3 jellies
  5 crimson imps
  10 hounds
  A quasit (D:10)
  Crazy Yiuf (D:6)
  4 orc priests
  11 orc wizards
  Jessica (D:3)
  5 iguanas
  Natasha (thrice) (D:3)
  4 worker ants
  A killer bee zombie (D:6)
  A bullfrog simulacrum (D:9)
  A hound skeleton (D:7)
  A worker ant zombie (D:5)
  4 gnolls
  18 adders
  3 shadow imps
  4 white imps (D:9)
  2 ufetubi (D:9)
  2 oozes
  An adder skeleton (D:5)
  5 worms
  A dart slug (D:1)
  2 leopard geckos
  33 orcs
  6 giant cockroaches
  10 goblins
  6 hobgoblins
  11 jackals
  7 quokkas
  8 ball pythons
  7 bats
  3 frilled lizards
  A jackal zombie (D:7)
  10 kobolds
  2 leopard gecko zombies
  7 rats
  2 ballistomycete spores (D:9)
286 creatures vanquished.

Vanquished Creatures (others)
  An adder (D:9)
  A ball python (D:9)
  4 ballistomycete spores (D:9)
6 creatures vanquished.

Grand Total: 292 creatures vanquished

Notes
Turn   | Place    | Note
-------+----------+-------------------------------------------
     0 | D:1      | Error4North the Hill Orc Fighter began the quest for the
                  | Orb.
     0 | D:1      | Reached XP level 1. HP: 19/19 MP: 1/1
    50 | D:1      | Reached XP level 2. HP: 25/27 MP: 2/2
   193 | D:1      | Reached skill level 3 in Axes
   259 | D:1      | Reached XP level 3. HP: 33/33 MP: 3/3
   811 | D:2      | Reached XP level 4. HP: 5/40 MP: 4/4
   812 | D:2      | HP: 2/40 [rat (2)]
  1442 | D:2      | Reached XP level 5. HP: 46/46 MP: 5/5
  1557 | D:3      | Found a radiant altar of Vehumet.
  1656 | D:3      | Reached skill level 4 in Axes
  1798 | D:3      | Noticed Jessica
  1805 | D:3      | Killed Jessica
  1920 | D:3      | Reached XP level 6. HP: 37/53 MP: 6/6
  2177 | D:3      | Reached skill level 5 in Axes
  2196 | D:3      | Noticed Natasha
  2205 | D:3      | Killed Natasha
  2623 | D:4      | Reached skill level 5 in Shields
  2649 | D:4      | Noticed Dowan
  2650 | D:4      | Noticed Duvessa
  2681 | D:3      | Noticed Natasha
  2685 | D:3      | Killed Natasha
  2722 | D:3      | Noticed Natasha
  2731 | D:3      | Killed Natasha
  3019 | D:4      | Killed Dowan
  3019 | D:4      | Reached skill level 6 in Axes
  3019 | D:4      | Reached XP level 7. HP: 49/60 MP: 7/7
  3024 | D:4      | Killed Duvessa
  3024 | D:4      | Reached skill level 5 in Armour
  3158 | D:5      | Entered Level 5 of the Dungeon
  3210 | D:5      | Found a white marble altar of Elyvilon.
  3236 | D:5      | Reached skill level 5 in Fighting
  3236 | D:5      | Reached skill level 1 in Dodging
  3574 | D:5      | Reached skill level 7 in Axes
  3574 | D:5      | Reached XP level 8. HP: 40/69 MP: 8/8
  4334 | D:6      | Reached skill level 8 in Axes
  4414 | D:6      | Found a shimmering blue altar of Sif Muna.
  4454 | D:6      | Gained mutation: You passively map a small area around you.
                  | [potion of mutation]
  4454 | D:6      | Gained mutation: You are weak. (Str -2) [potion of
                  | mutation]
  4454 | D:6      | Gained mutation: Your flesh is heat resistant. (rF+)
                  | [potion of mutation]
  4983 | D:6      | Found a shadowy altar of Dithmenos.
  5186 | D:6      | Reached XP level 9. HP: 76/78 MP: 9/9
  5237 | D:6      | Found a runed translucent door.
  5238 | D:6      | Noticed Crazy Yiuf
  5243 | D:6      | Killed Crazy Yiuf
  5293 | D:6      | Found a staircase to the Ecumenical Temple.
  5309 | Temple   | Entered the Ecumenical Temple
  5315 | Temple   | Became a worshipper of Warmaster Okawaru
  5435 | D:6      | Upgraded the game from 0.25-a0-668-gea548f19b6 to
                  | 0.25-a0-670-g50981ef59b
  5541 | D:7      | Found an ornate altar of the Wu Jian Council.
  5547 | D:7      | Reached skill level 9 in Axes
  5562 | D:7      | Reached skill level 1 in Throwing
  5604 | D:7      | Found an opulent altar of Gozag.
  5989 | D:7      | HP: 3/79 [orc priest/divine providence (14)]
  6293 | D:7      | Found a snail-covered altar of Cheibriados.
  6303 | D:7      | Reached * piety under Okawaru
  6701 | D:7      | Reached skill level 10 in Axes
  6937 | D:8      | Reached skill level 1 in Invocations
  6937 | D:8      | Reached XP level 10. HP: 64/88 MP: 10/10
  7208 | D:8      | Noticed Blork the orc
  7218 | D:8      | Killed Blork the orc
  7218 | D:8      | Reached skill level 1 in Evocations
  7226 | D:8      | Found a shimmering blue altar of Sif Muna.
  7446 | D:8      | Noticed Harold
  7510 | D:8      | Killed Harold
  7510 | D:8      | Reached ** piety under Okawaru
  7905 | D:9      | Reached skill level 11 in Axes
  8282 | D:9      | Noticed an oklob plant
  8308 | D:9      | Found a blossoming altar of Fedhas.
  8323 | D:9      | Identified the Almanac of Nature
  8641 | D:9      | Found a staircase to the Orcish Mines.
  8663 | D:9      | Reached *** piety under Okawaru
  8677 | D:9      | Reached XP level 11. HP: 23/97 MP: 13/13
  9315 | D:10     | Entered Level 10 of the Dungeon
  9385 | D:10     | Reached **** piety under Okawaru
  9592 | D:10     | Noticed a two-headed ogre
  9613 | D:10     | Killed a two-headed ogre
  9899 | D:10     | Reached skill level 12 in Axes
  9915 | D:10     | Got a bound silver ring
 10144 | D:10     | Found an iron altar of Okawaru.
 10168 | D:10     | Reached skill level 5 in Invocations
 10317 | D:11     | Noticed a cyclops
 10330 | D:10     | Reached ***** piety under Okawaru
 10439 | D:11     | Found the +2 hood of the Assassin {Detection Stab+ Stlth++}
 10503 | D:11     | Found Suduoca's Gadget Boutique.
 10561 | D:11     | Found a staircase to the Lair.
 10563 | D:11     | Noticed an oklob plant
 10569 | D:11     | HP: 3/97 [something (5)]
 10570 | D:11     | Killed from afar by an orc wizard

Levels and vault maps discovered:
D:1:      scummos_arrival_simple_crosswalls, layout_loops_ring,
          minmay_misc_feat_diagonals, serial_bayou_crossing
D:2:      layout_rooms, minmay_tromino_v2
D:3:      layout_rooms, vehumet_crystals, kennysheep_generic_room_10,
          uniq_jessica, uniq_natasha
D:4:      layout_loops_ring, uniq_duvessa
D:5:      layout_gridville, elyvilon_altar_3, first_ration
D:6:      kennysheep_orc_sif_temple, layout_basic,
          nicolae_dithmenos_shadow_blocks, minmay_temple_entry_fiery,
          uniq_crazy_yiuf_cottage
D:7:      layout_loops_cross, slow_altar_1, nicolae_overflow_crystal_walls,
          basic_altar, grunt_ogre_cave
D:8:      layout_loops_cross, tgw_sif, dk_vineyard_1, uniq_harold
D:9:      layout_roguey, kennysheep_orc_monster_closet_entryway, serial_ice,
          serial_ice_g, serial_ice_c, serial_ice_l, serial_ice_b,
          introduction_to_nature_1
D:10:     layout_cave_pools, minmay_strange_pillars, okawaru_humans
D:11:     layout_long_grid, dpeg_oklobed_lair, serial_shops, shop_fountains
Temple:   eino_temple_rhombus

Skill      XL: |  1  2  3  4  5  6  7  8  9 10 11 |
---------------+----------------------------------+-----
Axes           | 3 4 6 7 8 10 11 12 | 12.1
Armour         | 4 5 6 7 8 9 |  9.1
Shields        | 4 5 6 8 9 |  9.7
Fighting       | 4 5 6 7 9 |  9.5
Dodging        | 1 2 |  2.0
Throwing       | 1 2 |  2.1
Invocations    | 1 3 5 |  5.0
Evocations     | 3 |  3.4

Action                   |  1- 3 |  4- 6 |  7- 9 | 10-12 || total
-------------------------+-------+-------+-------+-------++-------
Melee: War axe           |   123 |   195 |   356 |   318 ||   992
Throw: Boomerang         |       |       |    18 |    45 ||    63
Invok: Heroism           |       |       |       |     2 ||     2
Evoke: Wand              |       |       |       |    15 ||    15
  Use: Potion            |       |     1 |     6 |     4 ||    11
       Scroll            |       |     4 |     1 |       ||     5
  Eat: Chunk             |       |     6 |     8 |    12 ||    26
       Ration            |       |       |     2 |     1 ||     3
Armor: Scale mail        |    73 |    95 |       |       ||   168
       Chain mail        |       |     3 |   174 |   193 ||   370
       Skin              |       |       |     2 |       ||     2
Dodge: Dodged            |    56 |    60 |    68 |   114 ||   298
Block: Kite shield       |    66 |   123 |   207 |   221 ||   617

Table legend:
 A = Non-vault XP
 B = Vault XP
 C = Vault XP percentage of total XP
 D = Non-vault monster count
 E = Vault monster count
 F = Vault count percentage of total count
                 A         B        C        D         E       F
            +---------+---------+-------+---------+---------+-------
      Total |    9462 |    4187 |  30.7 |     223 |      62 |  21.8
            +---------+---------+-------+---------+---------+-------
        D:1 |      55 |       0 |   0.0 |      24 |       0 |   0.0
        D:2 |     103 |      16 |  13.4 |      23 |       2 |   8.0
        D:3 |     259 |      72 |  21.8 |      36 |       2 |   5.3
        D:4 |      77 |     214 |  73.5 |       4 |       2 |  33.3
        D:5 |     592 |       0 |   0.0 |      13 |       0 |   0.0
        D:6 |     829 |     326 |  28.2 |      20 |       6 |  23.1
        D:7 |    1839 |     127 |   6.5 |      39 |       2 |   4.9
        D:8 |     686 |    1078 |  61.1 |      12 |       2 |  14.3
        D:9 |    1098 |    1958 |  64.1 |      24 |      44 |  64.7
       D:10 |    3419 |     396 |  10.4 |      25 |       2 |   7.4
       D:11 |     505 |       0 |   0.0 |       3 |       0 |   0.0
            +---------+---------+-------+---------+---------+-------
